 Dungeon Crawl Stone Soup version 0.29-a0-998-g1987434951 (webtiles) character file.

Game seed: 16563553774299855084

28 spaghetti the Caller (level 3, -8/35 HPs)
             Began as an Ogre Summoner on Aug 6, 2022.
             Mangled by an iron imp (9 damage)
             ... summoned by Natasha
             ... on level 2 of the Dungeon.
             The game lasted 00:01:19 (684 turns).

spaghetti the Caller (Ogre Summoner)                 Turns: 684, Time: 00:01:19

Health: -8/35      AC:  3    Str: 12    XL:     3   Next: 12%
Magic:  6/7        EV:  9    Int: 18    God:
Gold:   14         SH:  0    Dex:  9    Spells: 7/8 levels left

rFire   . . .      SeeInvis .   f - +0 dagger {short}
rCold   . . .      Faith    .   (no shield)
rNeg    . . .      Spirit   .   a - +0 robe
rPois   .          Reflect  .   (helmet restricted)
rElec   .          Harm     .   (no cloak)
rCorr   .          Rampage  .   (gloves unavailable)
Will    .....                   (boots unavailable)
Stlth   +.........              (no amulet)
HPRegen 0.11/turn               (no ring)
MPRegen 0.10/turn               (no ring)

@: slowed, very slow
A: large, unfitting armour, tough skin 1
a: no special abilities


You were on level 2 of the Dungeon.
You visited 1 branch of the dungeon, and saw 2 of its levels.

You collected 14 gold pieces.


Innate Abilities, Weirdness & Mutations

You are too large for most types of armour.
You have tough skin. (AC +1)


   Skills:
 + Level 1.8 Fighting
 - Level 1.7 Dodging
 - Level 1.4 Stealth
 + Level 3.0 Spellcasting
 + Level 3.9 Summonings


You had 7 spell levels left.
You knew the following spells:

 Your Spells              Type           Power      Damage    Failure   Level
a - Summon Small Mammal   Summ           68%        N/A       3%          1

Your spell library contained the following spells:

 Spells                   Type           Power      Damage    Failure   Level
 Call Imp                 Summ           17%        N/A       4%          2
 Call Canine Familiar     Summ           17%        N/A       10%         3
 Summon Guardian Golem    Hex/Summ       9%         N/A       22%         3
 Summon Lightning Spire   Summ/Air       9%         N/A       56%         4

Inventory:

Hand Weapons
 d - a +0 club {mace}
   (You took it off a goblin on level 2 of the Dungeon)
 f - a +0 dagger (weapon) {short}
   (You took it off a kobold on level 2 of the Dungeon)
Missiles
 e - 3 large rocks {=fthrowing}
Armour
 a - a +0 robe (worn)
Scrolls
 c - 2 scrolls of blinking {unknown}
Potions
 b - a potion of magic

Dungeon Overview and Level Annotations

Branches:
Dungeon (2/15) Zot: 11312

Altars:
Trog

Annotations:
D:2 Natasha

#........
#########.####.###.
#.!....... #.# #.
#......... #.# #.
#........^ #.# #.
#..5.... #.# #.
#.ยง... #.# #.
##h#.## #.# #.
#.5@..# #.# #r....#
#.# #. #..r..# #.# #.
#.....#######+#.# #.
#...............# #.
#.#.............###.
#..............>รท.#.
###.............#.#.
####.............#.#.


You could see an iron imp (summoned, ally target), Natasha, a white imp
(summoned), a friendly quokka (summoned) and a friendly rat (summoned).


Message History

You lost 1 mp, and now have 4/7 mp.
Natasha hisses angrily.
Your bat completely misses Natasha.
Natasha closely misses your bat.
Your bat completely misses Natasha.
Natasha closely misses your bat.
Your bat hits Natasha but does no damage.
Natasha closely misses your bat. Natasha casts a spell at you.
The magic dart hits your bat!
Your bat dies!
Your bat's corpse disappears in a puff of smoke!
Your magical contamination has completely faded away.
You barely miss Natasha. Natasha claws you. ๐Ÿ˜• HP[-5]
You take 5 damage, and now have 30/35 hp.
You hit Natasha but do no damage. Natasha claws you.
Your quokka closely misses Natasha. ๐Ÿ˜ฎ HP[-6] MP[+1]
You take 6 damage, and now have 24/35 hp.
You hit Natasha but do no damage.
Natasha growls.
Natasha casts a spell.
Your quokka bites Natasha.
Casting: Summon Small Mammal (safe; 3% risk of failure)
Confirm with . or Enter, or press ? or * to list all spells.
Your quokka bites Natasha.
Natasha claws you. ๐Ÿ˜ฎ HP[-6] MP[-1]
You take 6 damage, and now have 18/35 hp.
You lost 1 mp, and now have 4/7 mp.
You barely miss Natasha.
Your quokka barely misses Natasha.
The iron imp hits you!
* * * LOW HITPOINT WARNING * * *
Natasha mumbles some strange words.
Your quokka bites Natasha. ๐Ÿ˜จ HP[-9]
You take 9 damage, and now have 9/35 hp.
MASSIVE DAMAGE!! (PAUSE) It was a potion of ambrosia.
You are confused.
You feel invigorated.
Natasha stares at you and mumbles some strange words.
You feel yourself slow down. The iron imp closely misses you.
Your quokka bites the iron imp.
Your quokka bites Natasha. ๐Ÿ˜จ HP[+5] MP[+3]
You regained 5 hp, and now have 14/35 hp.
Your mp is fully restored (7).
Unknown command.
Unknown command.
Unknown command.
Are you sure you want to stumble around while confused and next to your quokka?
You barely miss Natasha.
Your quokka barely misses the iron imp.
Natasha completely misses you.
Your quokka bites Natasha.
The iron imp hits you!
* * * LOW HITPOINT WARNING * * *
Your quokka bites the iron imp.
Natasha claws you.
* * * LOW HITPOINT WARNING * * *
Your quokka closely misses Natasha. ๐Ÿ˜จ HP[-3]
You take 3 damage, and now have 11/35 hp.
Unknown command.
Unknown command.
Are you sure you want to stumble around while confused and next to your quokka?
You're too confused to move!
You feel less invigorated.
You feel less confused.
Your quokka closely misses the iron imp.
The iron imp hits you.
* * * LOW HITPOINT WARNING * * *
Your quokka bites Natasha.
Natasha casts a spell at your quokka. The magic dart hits your quokka.
Your quokka dies!
Your quokka's corpse disappears in a puff of smoke!
Your quokka closely misses the iron imp.
Natasha hisses angrily. ๐Ÿ˜จ HP[-1]
You take 1 damage, and now have 10/35 hp.
Unknown command.
Unknown command.
Natasha barely misses you.
Your quokka bites the iron imp but does no damage.
Natasha claws you but does no damage.
The iron imp laughs crazily.
The iron imp hits you.
* * * LOW HITPOINT WARNING * * *
๐Ÿ˜จ HP[-1]
You take 1 damage, and now have 9/35 hp.
Unknown command.
Unknown command.
Unknown command.
Okay, then.
Okay, then.
Casting: Summon Small Mammal (safe; 3% risk of failure)
Confirm with . or Enter, or press ? or * to list all spells.
Your quokka bites the iron imp but does no damage.
Natasha claws you!
* * * LOW HITPOINT WARNING * * *
Your quokka bites the iron imp but does no damage.
The iron imp hits you!
You die...

Skill      XL: |  1  2 |
---------------+-------+-----
Fighting       | 1 |  1.8
Spellcasting   | 3 |  3.0
Dodging        | |  1.7
Stealth        | |  1.4
Summonings     | |  3.9

Action                   || total
-------------------------++-------
Melee: Unarmed           ||    13
       Dagger            ||    40
       Punch             ||     1
 Cast: Summon Small Mamm ||    20
  Use: Potion            ||     1
Armor: Robe              ||    25
Dodge: Dodged            ||    66

Levels and vault maps discovered:
D:1:      dpeg_arrival_rooms_c, layout_basic,
          ebering_ecumenical_altar_petrified, minmay_hexomino_r4
D:2:      layout_basic, basic_altar, minivault_11, uniq_natasha

Notes
Turn   | Place    | Note
-------+----------+-------------------------------------------
     0 | D:1      | spaghetti the Ogre Summoner began the quest for the Orb.
     0 | D:1      | Reached XP level 1. HP: 16/16 MP: 3/3
     0 | D:1      | magus.rc [v1.9.6]
   180 | D:2      | Reached skill level 1 in Fighting
   180 | D:2      | Reached XP level 2. HP: 23/27 MP: 2/5
   503 | D:2      | Reached skill level 3 in Spellcasting
   503 | D:2      | Reached XP level 3. HP: 26/35 MP: 2/7
   656 | D:2      | Found a bloodstained altar of Trog.
   666 | D:2      | Noticed Natasha
   684 | D:2      | HP: 1/35 [Natasha (8)]
   684 | D:2      | Mangled by an iron imp

Vanquished Creatures
  An adder (D:2)
  A hobgoblin (D:2)
  3 jackals (D:2)
  A kobold (D:2)
6 creatures vanquished.

Vanquished Creatures (collateral kills)
  A worm (D:2)
  A bat (D:2)
  A goblin (D:2)
  4 jackals (D:2)
  A rat (D:2)
8 creatures vanquished.

Grand Total: 14 creatures vanquished

Table legend:
 A = Non-vault XP
 B = Vault XP
 C = Vault XP percentage of total XP
 D = Non-vault monster count
 E = Vault monster count
 F = Vault count percentage of total count
                 A         B        C        D         E       F
            +---------+---------+-------+---------+---------+-------
      Total |      40 |       0 |   0.0 |      14 |       0 |   0.0
            +---------+---------+-------+---------+---------+-------
        D:2 |      40 |       0 |   0.0 |      14 |       0 |   0.0
            +---------+---------+-------+---------+---------+-------

Illustrated notes

Table legend:
 A = Kills in this place as a percentage of kills in entire the game.
 B = Kills by you in this place as a percentage of kills by you in the entire game.
 C = Kills by friends in this place as a percentage of kills by friends in the entire game.
 D = Other kills in this place as a percentage of other kills in the entire game.
 E = Experience gained in this place as a percentage of experience gained in the entire game.
 F = Experience gained in this place divided by the number of levels of this place that you have seen.
                   A       B       C       D       E      F
               +-------+-------+-------+-------+-------+----------------------
         Total | 100.0 | 100.0 | 100.0 |   N/A | 100.0 |  20.0
       Dungeon | 100.0 | 100.0 | 100.0 |   N/A | 100.0 |  20.0
               +-------+-------+-------+-------+-------+----------------------

Table legend: (Time is in decaauts)
 A = Elapsed time spent in this place.
 B = Non-inter-level travel time spent in this place.
 C = Inter-level travel time spent in this place.
 D = Time resting spent in this place.
 E = Time spent auto-exploring this place.
 F = Levels seen in this place.
 G = Mean time per level.
                   A        B        C        D        E       F      G
               +--------+--------+--------+--------+--------+-----+--------+
         Total |    685 |    672 |     13 |     23 |    502 |   2 |  342.5 |
       Dungeon |    685 |    672 |     13 |     23 |    502 |   2 |  342.5 |
               +--------+--------+--------+--------+--------+-----+--------+

Top non-repeatable levels by time:
     D:2: 626 daAuts
     D:1: 59 daAuts
